 Dungeon Crawl Stone Soup version 0.28-a0-406-g4bac719ec2 (webtiles) character file.

Game seed: 7314175512923430985

289 Decipherer the Poker (level 6, -1/56 HPs)
             Began as a Minotaur Berserker on Sept 5, 2021.
             Was a Believer of Trog.
             Slain by a gnoll (9 damage)
             ... on level 2 of the Dungeon.
             The game lasted 00:01:25 (1322 turns).

Decipherer the Poker (Minotaur Berserker)           Turns: 1322, Time: 00:01:25

Health: -1/56      AC:  2    Str: 23    XL:     6   Next: 9%
Magic:  5/5        EV: 12    Int:  4    God:    Trog [**....]
Gold:   87         SH:  0    Dex: 10    Spells: 5/5 levels left

rFire   . . .      SeeInvis .   a - +0 spear
rCold   . . .      Faith    .   (no shield)
rNeg    . . .      Spirit   .   b - +0 animal skin
rPois   .          Reflect  .   (helmet restricted)
rElec   .          Harm     .   (no cloak)
rCorr   .          Rampage  .   (no gloves)
Will    .....                   (no boots)
Stlth   +.........              (no amulet)
HPRegen 0.18/turn               (no ring)
MPRegen 0.09/turn               (no ring)

@: on berserk cooldown, slowed, very slow
A: horns 2, retaliatory headbutt
a: Renounce Religion, Berserk, Trog's Hand


You were on level 2 of the Dungeon.
You worshipped Trog.
Trog was pleased with you.
You visited 1 branch of the dungeon, and saw 2 of its levels.

You collected 87 gold pieces.

Inventory:

Hand Weapons
 a - a +0 spear (weapon)
Missiles
 c - 8 boomerangs
Armour
 b - a +0 animal skin (worn)
 g - a +0 scale mail
Wands
 h - a wand of flame (16)
Scrolls
 d - 2 scrolls of teleportation {unknown}
 e - a scroll of vulnerability {unknown}
 f - a scroll of identify {unknown}


   Skills:
 + Level 5.5 Fighting
 + Level 6.2 Polearms
 + Level 2.7 Armour
 + Level 3.3 Dodging
 + Level 0.3 Stealth


You had 5 spell levels left.
You didn't know any spells.
Your spell library was empty.

Dungeon Overview and Level Annotations

Branches:
Dungeon (2/15)

Altars:
Elyvilon


Innate Abilities, Weirdness & Mutations

You have a pair of horns on your head.
You reflexively headbutt those who attack you in melee.


Message History

Unknown command.
Calm down first, please.
You are too injured to fight recklessly!
Unknown command.
Calm down first, please.
You are too injured to fight recklessly!
Unknown command.
Calm down first, please.
You are too injured to fight recklessly!
Unknown command.
You puncture the gnoll!
You kill the gnoll!
Trog accepts your kill.
A hobgoblin comes into view.
Calm down first, please.
You are too injured to fight recklessly!
Unknown command.
The gnoll hits you with a +0 club.
Things that are here:
a +0 scythe; a +0 robe You puncture the gnoll!
You kill the gnoll!
Trog accepts your kill.
A goblin comes into view. It is wielding a +0 dagger.
You are no longer berserk.
You are exhausted.
You feel yourself slow down.
The goblin shouts!
The gnoll barely misses you.
Things that are here:
a +0 club; a +4 ring of slaying
Found a stone staircase leading up.
The gnoll hits you with a +0 whip!
* * * LOW HITPOINT WARNING * * *
You closely miss the hobgoblin. The gnoll barely misses you.
The hobgoblin closely misses you. The gnoll hits you with a +0 whip!
* * * LOW HITPOINT WARNING * * *
It was a potion of magic.
Magic courses through your body. The hobgoblin misses you.
You furiously retaliate!
You headbutt the hobgoblin. The gnoll hits you with a +0 whip!
You die...

... #.. #..
#.# # #.## .#
# ##..##.#
###.##.gg...#
.......@....#
#..<##g)_..<#
# #))....#
#.....## ##
#.# ##.####
.# #.# #.# .#
#.# #.# .#
#.# #.# .#
####.# #.#


You could see a gnoll, a hobgoblin and a goblin.

Vanquished Creatures
  Sigmund (D:2)
  Natasha (thrice) (D:2)
  2 adders (D:2)
  2 gnolls (D:2)
  2 worms (D:2)
  4 ball pythons
  3 bats
  2 endoplasms (D:2)
  A giant cockroach (D:1)
  A goblin (D:2)
  4 hobgoblins
  2 frilled lizards
  2 rats (D:1)
29 creatures vanquished.

Notes
Turn   | Place    | Note
-------+----------+-------------------------------------------
     0 | D:1      | Decipherer the Minotaur Berserker began the quest for the
                  | Orb.
     0 | D:1      | Reached XP level 1. HP: 19/19 MP: 0/0
   261 | D:1      | Reached XP level 2. HP: 22/27 MP: 1/1
   479 | D:1      | Reached skill level 4 in Polearms
   773 | D:2      | Noticed Natasha
   782 | D:2      | Reached XP level 3. HP: 27/34 MP: 2/2
   784 | D:2      | Killed Natasha
   786 | D:2      | Found a faded altar of an unknown god.
   958 | D:2      | Noticed Natasha
   962 | D:2      | Killed Natasha
   963 | D:2      | Reached XP level 4. HP: 23/41 MP: 3/3
  1143 | D:2      | Noticed Natasha
  1153 | D:2      | Killed Natasha
  1154 | D:2      | Reached skill level 5 in Polearms
  1227 | D:2      | Reached ** piety under Trog
  1228 | D:2      | Reached skill level 5 in Fighting
  1293 | D:2      | Found a white marble altar of Elyvilon.
  1295 | D:2      | Noticed Sigmund
  1315 | D:2      | Killed Sigmund
  1316 | D:2      | Reached skill level 6 in Polearms
  1316 | D:2      | Reached XP level 5. HP: 30/48 MP: 4/4
  1316 | D:2      | Reached XP level 6. HP: 35/56 MP: 5/5
  1322 | D:2      | Slain by a gnoll

Illustrated notes

Levels and vault maps discovered:
D:1:      dpeg_arrival_shelter, layout_loops_ring, minmay_misc_feat_ornament
D:2:      layout_loops_ring, hellmonk_ecumenical_altar_arch_garden, basic_altar,
          uniq_sigmund, uniq_crazy_yiuf_cottage, uniq_natasha, uniq_robin

Skill      XL: |  1  2  3  4 |
---------------+-------------+-----
Polearms       | 4 6 |  6.2
Fighting       | 4 5 |  5.5
Dodging        | 3 |  3.3
Armour         | |  2.7
Stealth        | |  0.3

Action                   |  1- 3 |  4- 6 || total
-------------------------+-------+-------++-------
Melee: Spear             |    55 |    29 ||    84
       Headbutt          |     8 |     2 ||    10
Invok: Berserk           |     1 |     1 ||     2
  Use: Potion            |       |     1 ||     1
 Stab: Distracted        |     1 |       ||     1
Armor: Animal skin       |     7 |     1 ||     8
Dodge: Dodged            |    20 |    12 ||    32

Table legend: (Time is in decaauts)
 A = Elapsed time spent in this place.
 B = Non-inter-level travel time spent in this place.
 C = Inter-level travel time spent in this place.
 D = Time resting spent in this place.
 E = Time spent auto-exploring this place.
 F = Levels seen in this place.
 G = Mean time per level.
                   A        B        C        D        E       F      G
               +--------+--------+--------+--------+--------+-----+--------+
         Total |   1314 |   1304 |     10 |      0 |   1163 |   2 |  657.0 |
       Dungeon |   1314 |   1304 |     10 |      0 |   1163 |   2 |  657.0 |
               +--------+--------+--------+--------+--------+-----+--------+

Top non-repeatable levels by time:
     D:2: 700 daAuts
     D:1: 613 daAuts
